[Event "Team 45 45 League T33"]
[Site "Internet Chess Club"]
[Date "2007.05.19"]
[Round "5"]
[White "Egmont"]
[Black "Kingofknights"]
[Result "0-1"]
[WhiteElo "1747"]
[BlackElo "1766"]
[ECO "B13"]
[TimeControl "2700+45"]

1. e4 c6 2. d4 d5 3. exd5 cxd5 4. Bd3 Nc6 5. c3 Nf6 6. Bf4 a6 7. Nd2 Bg4 8. Ngf3
Bh5 9. Qb3 Qc8 10. O-O e6 11. Rfe1 Be7 12. Ne5 Nxe5 13. Bxe5 Bg6 14. Bxg6 hxg6
15. a4 Ng4 16. Nf3 Nxe5 17. Nxe5 Qc7 18. h3 O-O 19. Rad1 Rfc8 20. Rd3 Bd6 21.
Rde3 Bxe5 22. Rxe5 Rab8 23. R1e3 b5 24. axb5 Rxb5 25. Qa3 Ra5 26. Qb3 Rb8 27.
Qc2 Ra1+ 28. Re1 Ra2 29. Rb1 Qc4 30. Re2 a5 31. Qc1 Qxe2 {White resigns} 0-1

[Event "Team 45 45 League T33"]
[Site "Internet Chess Club"]
[Date "2007.05.19"]
[Round "5"]
[White "RedAttack"]
[Black "fishhead"]
[Result "1/2-1/2"]
[WhiteElo "1869"]
[BlackElo "1868"]
[ECO "E67"]
[TimeControl "2700+45"]

1. d4 Nf6 2. Nf3 g6 3. g3 Bg7 4. Bg2 d6 5. c4 O-O 6. Nc3 Nbd7 7. e4 e5 8. d5 h6
9. O-O a5 10. Bd2 Nc5 11. Ne1 Qe7 12. Qc1 Kh7 13. Qc2 Nh5 14. Nd3 f5 15. Nxc5
dxc5 16. Rae1 f4 17. Qd1 Qf7 18. g4 Nf6 19. f3 Bd7 20. Kf2 Ne8 21. Rh1 Nd6 22.
Qe2 b6 23. Nb5 Nxb5 24. cxb5 Bf6 25. h4 h5 26. g5 Be7 27. Bc3 Bd6 28. a4 Rad8
29. Rc1 Bc8 30. b3 Qe7 31. Ke1 Bb7 32. Kd1 Rd7 33. Bh3 Rdd8 34. Kc2 Bc8 35. Bxc8
Rxc8 36. Qc4 Rfd8 {Game drawn by mutual agreement} 1/2-1/2

[Event "Team 45 45 League T33"]
[Site "Internet Chess Club"]
[Date "2007.05.19"]
[Round "5"]
[White "MaunaKeaMike"]
[Black "IceBox"]
[Result "1-0"]
[WhiteElo "1798"]
[BlackElo "1681"]
[ECO "A07"]
[TimeControl "2700+45"]

1. Nf3 d5 2. g3 c6 3. Bg2 Bg4 4. O-O Bxf3 5. Bxf3 e5 6. d3 Nf6 7. Nd2 Be7 8. e4
O-O 9. Qe2 Nbd7 10. Nb3 dxe4 11. dxe4 Re8 12. Be3 Qc7 13. Rfd1 b6 14. Rd2 Rad8
15. Rad1 Nf8 16. Bg5 Rxd2 17. Nxd2 N6d7 18. Bxe7 Rxe7 19. Nc4 Ne6 20. c3 Ndc5
21. h4 g6 22. Ne3 Rd7 23. Ng4 Rxd1+ 24. Qxd1 Kg7 25. Qd2 Qd7 26. Qh6+ Kh8 27.
Nf6 {Black resigns} 1-0

[Event "Team 45 45 League T33"]
[Site "Internet Chess Club"]
[Date "2007.05.20"]
[Round "5"]
[White "Juan73"]
[Black "diegoami"]
[Result "0-1"]
[WhiteElo "1807"]
[BlackElo "1730"]
[ECO "B45"]
[TimeControl "2700+45"]

1. e4 c5 2. Nf3 e6 3. Nc3 Nc6 4. d4 cxd4 5. Nxd4 Nf6 6. Bg5 Be7 7. Ncb5 d5 8.
exd5 Nxd5 9. Bxe7 Qxe7 10. a3 Nxd4 11. Qxd4 O-O 12. O-O-O a6 13. Nc3 Nxc3 14.
Qxc3 Bd7 15. h4 Rac8 16. Qb3 Bc6 17. f3 Bd5 18. Qe3 Qc5 19. Qxc5 Rxc5 20. h5 Bb3
21. Bd3 Rfc8 22. Rd2 h6 23. g4 Bd5 24. Rh3 e5 25. Rf2 Kf8 26. f4 e4 27. Bf1 Re8
28. Re3 Rc7 29. b3 Rce7 30. c4 Bc6 31. Kc2 Bd7 32. Kc3 Bxg4 33. Be2 Bxe2 34.
Rfxe2 f5 35. Kb4 Rd8 36. a4 Red7 37. Kc5 Rd3 38. b4 Rxe3 39. Rxe3 Rd3 40. Re2
Ke7 41. Kb6 Rd4 42. Kc5 Rd6 43. b5 b6+ 44. Kb4 a5+ 45. Kb3 Rd3+ 46. Kb2 Rf3 47.
c5 bxc5 48. Rc2 Kd6 49. b6 Rxf4 50. Rxc5 e3 51. b7 Rb4+ 52. Kc2 Kxc5 53. b8=Q
Rxb8 54. Kd3 f4 55. Ke2 Rb2+ 56. Ke1 f3 57. Kd1 Rh2 58. Kc1 e2 59. Kc2 e1=Q+ 60.
Kb3 Qb4# {White checkmated} 0-1

[Event "Team 45 45 League T33"]
[Site "Internet Chess Club"]
[Date "2007.05.26"]
[Round "5"]
[White "bonecore"]
[Black "egd01"]
[Result "0-1"]
[WhiteElo "1656"]
[BlackElo "1526"]
[ECO "A00"]
[TimeControl "2700+45"]

1. g3 g6 2. Bg2 Bg7 3. c4 c5 4. Nf3 Nf6 5. d4 O-O 6. O-O d6 7. Be3 Nbd7 8. Nc3
a6 9. Qd2 b6 10. dxc5 bxc5 11. Bh6 Bb7 12. Bxg7 Kxg7 13. Rfe1 Rb8 14. b3 Ne4 15.
Nxe4 Bxe4 16. Rad1 Nf6 17. Ng5 Bxg2 18. Kxg2 h6 19. Nf3 Qd7 20. e4 Rfd8 21. Qc3
Kg8 22. e5 Ne8 23. Qe3 Kh7 24. e6 fxe6 25. Ne5 Qb7+ 26. Nf3 Ng7 27. Kf1 d5 28.
cxd5 Qb5+ 29. Kg1 exd5 30. Ne5 e6 31. Nf7 Nf5 32. Qxe6 Qd7 33. Qxd7 Rxd7 34. Ne5
Rd6 35. Re2 Re8 36. f4 Nd4 37. Red2 Re7 38. b4 Rde6 39. Kf2 Nc6 40. bxc5 Nxe5
41. fxe5 Rxe5 42. Kf3 Re3+ 43. Kf4 R7e4# {White checkmated} 0-1

[Event "Team 45 45 League T33"]
[Site "Internet Chess Club"]
[Date "2007.05.18"]
[Round "5"]
[White "Squaredance"]
[Black "Klampin"]
[Result "1-0"]
[WhiteElo "2022"]
[BlackElo "1987"]
[ECO "D04"]
[TimeControl "2700+45"]

1. d4 d5 2. Nf3 Nf6 3. e3 Bg4 4. h3 Bh5 5. g4 Bg6 6. Ne5 e6 7. h4 h6 8. Nxg6
fxg6 9. Bd3 Kf7 10. Qf3 Qe8 11. h5 gxh5 12. gxh5 Ke7 13. Qf4 Kd8 14. Qf3 Bd6 15.
Bd2 Rf8 16. Qh3 Nbd7 17. Nc3 c6 18. O-O-O e5 19. Bf5 Qe7 20. Rdg1 e4 21. Rg2 Kc7
22. Rhg1 Ne8 23. Kb1 Nb6 24. b3 Qf6 25. Bg4 a5 26. a4 Rf7 27. f3 exf3 28. Rf2 g5
29. hxg6 Qxg6 30. Rgf1 Ng7 31. Rxf3 Rxf3 32. Bxf3 Bb4 33. e4 h5 34. exd5 Bxc3
35. Bxc3 Nxd5 36. Bxd5 cxd5 37. Qf3 Qc6 38. Qf7+ Kb8 39. Bd2 Ne6 40. Rf6 Ra6 41.
Qxh5 Ka7 42. Qe5 Qd6 43. Qxd6 Rxd6 44. Bxa5 Rc6 45. Bd2 Ka6 46. Be3 b5 47. axb5+
Kxb5 48. c4+ dxc4 49. d5 Rc7 50. dxe6 cxb3 51. Rf7 Rc8 52. e7 Re8 53. Bg5 {Black
resigns} 1-0

[Event "Team 45 45 League T33"]
[Site "Internet Chess Club"]
[Date "2007.05.24"]
[Round "5"]
[White "Vitruvian"]
[Black "tourettes"]
[Result "1-0"]
[WhiteElo "1842"]
[BlackElo "1811"]
[ECO "C01"]
[TimeControl "2700+45"]

1. e4 e6 2. d4 d5 3. exd5 exd5 4. c4 Nf6 5. Nf3 Be7 6. Bd3 O-O 7. O-O c6 8. h3
Re8 9. Nc3 Nbd7 10. Re1 b6 11. Bg5 h6 12. Be3 Qc7 13. Rc1 Qd6 14. Qd2 Qb8 15.
Ne5 Qb7 16. Bxh6 gxh6 17. Qxh6 Bf8 18. Qg5+ Bg7 19. Re3 Nxe5 20. dxe5 Ne4 21.
Nxe4 dxe4 22. Bxe4 Qe7 23. Qh5 Bb7 24. Qh7+ Kf8 25. Rg3 Qxe5 26. Rcc3 Re6 27.
Rcd3 Rh6 28. Qf5 Qxf5 29. Bxf5 Bxb2 30. Rd7 Ba6 31. Rg4 Bc8 32. Rd8+ Ke7 33.
Rxc8 Rxc8 34. Bxc8 Rd6 35. Re4+ Kf6 36. Re2 Be5 37. g3 Rd8 38. Bb7 c5 39. Bd5
Bd4 40. Re4 Be5 41. Bxf7 Kxf7 42. Rxe5 Rd4 43. Rd5 Rxc4 44. Rd7+ Ke6 45. Rxa7 b5
46. h4 Rc2 47. h5 Rd2 48. Ra5 Rd5 49. Rxb5 Rxh5 50. a4 Kd6 51. g4 Rd5 52. Kf1
Kc6 53. f3 Rd4 54. Ke2 Rxa4 55. Rb8 Ra2+ 56. Ke3 Ra3+ 57. Kf4 Kc7 58. Rb1 Kd6
59. g5 Ke6 60. Rc1 Ra4+ 61. Kg3 c4 62. Rc3 Kf5 63. f4 Rb4 64. Kf3 Ra4 65. Re3 c3
66. Re5+ Kg6 67. Rc5 Ra3 68. Kg4 Rb3 69. Rc6+ Kg7 70. f5 Rb4+ 71. Kh5 Rb3 72.
Rc7+ Kf8 73. Kg6 Rb6+ 74. f6 {Black resigns} 1-0

[Event "Team 45 45 League T33"]
[Site "Internet Chess Club"]
[Date "2007.05.17"]
[Round "5"]
[White "kingfischer57"]
[Black "superbeast"]
[Result "1-0"]
[WhiteElo "1760"]
[BlackElo "1659"]
[ECO "E43"]
[TimeControl "2700+45"]

1. d4 Nf6 2. c4 e6 3. Nc3 Bb4 4. e3 b6 5. Nf3 Bb7 6. a3 Bxc3+ 7. bxc3 c5 8. Bd3
O-O 9. O-O Nc6 10. e4 d6 11. e5 dxe5 12. dxe5 Ng4 13. Bxh7+ Kxh7 14. Ng5+ Kg8
15. Qxg4 f6 {Black resigns} 1-0

[Event "Team 45 45 League T33"]
[Site "Internet Chess Club"]
[Date "2007.05.21"]
[Round "5"]
[White "rayonline53"]
[Black "crankn8tr"]
[Result "0-1"]
[WhiteElo "1595"]
[BlackElo "1618"]
[ECO "B01"]
[TimeControl "2700+45"]

1. e4 d5 2. d4 dxe4 3. f3 exf3 4. Nxf3 Bg4 5. Bc4 e6 6. O-O Nf6 7. Nc3 Nc6 8.
Be3 Bd6 9. Qd2 Qe7 10. Rae1 O-O-O 11. Kh1 Bxf3 12. Rxf3 Bb4 13. Bg1 Ng4 14. Bb3
{White disconnected and forfeits} 0-1

[Event "Team 45 45 League T33"]
[Site "Internet Chess Club"]
[Date "2007.05.20"]
[Round "5"]
[White "chsrules88"]
[Black "jonesey"]
[Result "0-1"]
[WhiteElo "2058"]
[BlackElo "1985"]
[ECO "C89"]
[TimeControl "2700+45"]

1. e4 e5 2. Nf3 Nc6 3. Bb5 a6 4. Ba4 Nf6 5. O-O Be7 6. Re1 b5 7. Bb3 O-O 8. c3
d5 9. exd5 Nxd5 10. Nxe5 Nxe5 11. Rxe5 c6 12. d4 Bd6 13. Re1 Qh4 14. g3 Qh3 15.
Be3 Bg4 16. Qd3 Rae8 17. Nd2 Re6 18. Bxd5 cxd5 19. a4 bxa4 20. Rxa4 f5 21. Qb1
f4 22. Bxf4 Rh6 23. Bxh6 Rxf2 24. Re8+ Kf7 25. Kxf2 Qxh2+ 26. Kf1 Bxg3 27. Re7+
Kxe7 28. Bg5+ Kf7 29. Be3 Bh3# {White checkmated} 0-1

[Event "Team 45 45 League T33"]
[Site "Internet Chess Club"]
[Date "2007.05.19"]
[Round "5"]
[White "MiroslavR"]
[Black "aksuw"]
[Result "1/2-1/2"]
[WhiteElo "1971"]
[BlackElo "2041"]
[ECO "E92"]
[TimeControl "2700+45"]

1. d4 g6 2. c4 Bg7 3. Nc3 d6 4. e4 Nf6 5. Nf3 O-O 6. Be2 e5 7. d5 a5 8. Bg5 Na6
9. Nd2 Qe8 10. O-O Bd7 11. b3 h6 12. Be3 Nh7 13. Rc1 Nc5 14. a3 f5 15. exf5 Bxf5
16. Bxc5 dxc5 17. Nde4 Nf6 18. Bd3 Qe7 19. f3 Ne8 20. Re1 b6 21. Qe2 Nd6 22. Ng3
Rae8 23. Be4 Bf6 24. Qc2 Bh4 25. Re2 Bxg3 26. hxg3 Qg5 27. g4 Bxe4 28. Nxe4 Nxe4
29. Rxe4 Rf4 30. Rce1 Kf7 31. Qc3 Rxe4 32. Rxe4 h5 33. Qe1 Re7 34. g3 hxg4 35.
Rxg4 Qf6 36. Qe4 Qf5 37. Kg2 Qxe4 38. Rxe4 Kf6 39. g4 g5 40. Re1 Rh7 41. Rd1 e4
42. fxe4 Ke5 43. d6 cxd6 44. Rd5+ Kxe4 45. Rxg5 Kf4 46. Rg6 Rd7 47. g5 Kf5 48.
Rg8 d5 49. cxd5 Rxd5 50. g6 Kf6 51. g7 Rd6 52. Re8 Kxg7 53. Re3 Kf6 54. Kf3 Re6
55. Rd3 Ke7 56. a4 Rd6 57. Re3+ Kd7 58. Rc3 Re6 59. Kf4 Kc6 60. Kf5 Re1 61. Rh3
Rd1 62. Ke4 Rd4+ 63. Ke3 Kb7 64. Ke2 Rd6 65. Rg3 b5 66. axb5 Kb6 67. Rd3 Rd4 68.
Ke3 Kxb5 69. Ke2 Kb4 70. Rh3 c4 71. bxc4 Kxc4 72. Rh8 Kb3 73. Rb8+ Ka3 74. Ra8
a4 75. Ke3 Rd7 76. Rb8 Ka2 77. Ke2 a3 78. Rb6 Ka1 79. Rb8 Rd6 80. Rb7 Rd8 81.
Rb6 Rd4 82. Rb7 a2 83. Rb8 Rh4 84. Kd2 Rh1 85. Kc2 Rb1 86. Rc8 Rf1 87. Rb8 Rf4
88. Rb7 Rc4+ 89. Kd2 Rf4 90. Kc2 Rf1 91. Rb8 Rb1 92. Rc8 Rb2+ 93. Kc1 {Game
drawn by mutual agreement} 1/2-1/2

[Event "Team 45 45 League T33"]
[Site "Internet Chess Club"]
[Date "2007.05.20"]
[Round "5"]
[White "steve"]
[Black "Bort"]
[Result "0-1"]
[WhiteElo "1967"]
[BlackElo "2070"]
[ECO "B41"]
[TimeControl "2700+45"]

1. e4 c5 2. Nf3 e6 3. d4 cxd4 4. Nxd4 a6 5. Be2 Nf6 6. Bf3 Qc7 7. O-O Nc6 8. c4
h5 9. b3 Bd6 10. h3 Nxd4 11. Bb2 Nxf3+ 12. Qxf3 Ng4 {White resigns} 0-1

[Event "Team 45 45 League T33"]
[Site "Internet Chess Club"]
[Date "2007.05.20"]
[Round "5"]
[White "spirit87"]
[Black "viking99"]
[Result "1-0"]
[WhiteElo "2170"]
[BlackElo "1834"]
[ECO "C14"]
[TimeControl "2700+45"]

1. e4 e6 2. d4 d5 3. Nc3 Nf6 4. Bg5 Be7 5. e5 Nfd7 6. Bxe7 Qxe7 7. f4 O-O 8. Nf3
c5 9. Qd2 Nc6 10. O-O-O cxd4 11. Nxd4 Nb6 12. h4 Nxd4 13. Qxd4 Bd7 14. g4 Rac8
15. Bd3 Nc4 16. f5 Qb4 17. Ne2 Qc5 18. Bxc4 Qxc4 19. Qxc4 Rxc4 20. Nd4 Rfc8 21.
Rd3 b5 22. Kd2 a5 23. fxe6 Bxe6 24. g5 b4 25. h5 a4 26. g6 h6 27. b3 axb3 28.
axb3 R4c5 29. Ra1 Bg4 30. gxf7+ Kxf7 31. e6+ Kf6 32. Rf1+ Ke5 33. Re3+ Kd6 34.
Rf7 Rd8 35. e7 Re8 36. Rxg7 Bxh5 37. Re6+ Kd7 38. Rxh6 Rxe7 39. Rxe7+ Kxe7 40.
Rxh5 Kf6 41. Rf5+ Ke7 42. Re5+ Kd6 43. Re6+ Kc7 44. Ra6 Kd7 45. Rb6 Kc7 46. Rxb4
Kd6 47. Nf3 Kc6 48. Kd3 Kd7 49. c3 Ra5 50. Ra4 Rb5 51. Nd4 Rc5 52. b4 Rc4 53.
Ra5 Kd6 54. Nf5+ Ke6 55. Rxd5 Rxc3+ 56. Kxc3 Kxd5 57. Ne3+ Kc6 58. Kc4 Kb6 59.
b5 Kb7 60. Kc5 Kc7 61. b6+ Kb7 62. Nd5 Kc8 63. Kc6 Kb8 64. b7 {Black resigns}
1-0

[Event "Team 45 45 League T33"]
[Site "Internet Chess Club"]
[Date "2007.05.20"]
[Round "5"]
[White "bobhill"]
[Black "rubo"]
[Result "1-0"]
[WhiteElo "2043"]
[BlackElo "1813"]
[ECO "A48"]
[TimeControl "2700+45"]

1. d4 Nf6 2. Nf3 g6 3. Bg5 Ne4 4. Bh4 Bg7 5. e3 d6 6. c3 O-O 7. Nbd2 Nxd2 8.
Nxd2 Nd7 9. Bd3 c5 10. O-O cxd4 11. exd4 Nf6 12. Qe2 Re8 13. Rfe1 Qc7 14. Ne4
Bd7 15. Nxf6+ exf6 16. Qf3 f5 17. Qg3 Be6 18. d5 Bxd5 19. Bxf5 Bxa2 20. Be4 Be6
21. Qf3 d5 22. Bxd5 Bxd5 23. Qxd5 a6 24. Bg3 Qb6 25. Qd7 Rxe1+ 26. Rxe1 Rd8 27.
Re8+ Rxe8 28. Qxe8+ Bf8 29. h3 Kg7 30. Be5+ f6 31. Bd4 Qd6 32. b4 Qe7 33. Qc8
Qe1+ 34. Kh2 Bd6+ 35. g3 Qe7 36. Kg2 Qe4+ 37. Kf1 Qe7 38. g4 Kf7 39. Qh8 Ke6 40.
Qg8+ Kd7 41. Qd5 Kc8 42. Qc4+ Kd7 43. Qd3 Kc8 44. h4 Be5 45. Bc5 Qd7 46. Qf3 Qd2
47. g5 Qxc3 48. Qd5 Qh3+ 49. Ke2 Qg4+ 50. f3 Qg2+ 51. Kd1 Qf1+ 52. Kd2 Bf4+ 53.
Kc2 Qc1+ 54. Kb3 Qb1+ 55. Kc3 Qc1+ 56. Kb3 Qb1+ 57. Kc3 Be5+ 58. Kd2 Bf4+ 59.
Ke2 Qc2+ 60. Kf1 Qc1+ 61. Kg2 Qc2+ 62. Bf2 fxg5 63. hxg5 Qd2 64. Qg8+ Kc7 65.
Qxh7+ Kc6 66. Qxg6+ Kb5 67. Qb6+ Ka4 68. g6 {Black forfeits on time} 1-0

[Event "Team 45 45 League T33"]
[Site "Internet Chess Club"]
[Date "2007.05.19"]
[Round "5"]
[White "Changuito-77"]
[Black "BaroneRosso"]
[Result "1/2-1/2"]
[WhiteElo "1800"]
[BlackElo "2028"]
[ECO "A04"]
[TimeControl "2700+45"]

1. Nf3 c5 2. e3 Nc6 3. d4 cxd4 4. exd4 e6 5. b3 Nf6 6. Bb2 b6 7. Bd3 Bb7 8. O-O
Be7 9. Nbd2 O-O 10. a3 Nd5 11. c4 Nf4 12. Bc2 d5 13. Rc1 Bf6 14. cxd5 Qxd5 15.
Be4 Qd7 16. Ne5 Bxe5 17. dxe5 Rfd8 18. Nc4 Na5 19. Qf3 Bxe4 20. Qxe4 Nxc4 21.
Rxc4 Nd5 22. Rfc1 Rac8 23. g3 b5 24. Rxc8 Rxc8 25. Qd3 a6 26. Rc2 Rxc2 27. Qxc2
Qc7 28. Qxc7 Nxc7 29. Bd4 Kf8 30. Kf1 Ke8 31. Ke2 Kd7 32. Kd3 Nd5 33. f4 h5 34.
Ke4 g6 35. h3 Ne7 36. g4 hxg4 37. hxg4 Nd5 38. f5 gxf5+ 39. gxf5 Ne7 40. f6 Nf5
41. a4 {Game drawn by mutual agreement} 1/2-1/2

[Event "Team 45 45 League T33"]
[Site "Internet Chess Club"]
[Date "2007.05.21"]
[Round "5"]
[White "Beetlejuice"]
[Black "rss"]
[Result "1-0"]
[WhiteElo "1875"]
[BlackElo "1833"]
[ECO "A40"]
[TimeControl "2700+45"]

1. d4 e6 2. Nf3 d5 3. Bg5 Nf6 4. e3 Be7 5. Bd3 h6 6. Bh4 Nbd7 7. Nbd2 c5 8. c3
c4 9. Bc2 O-O 10. O-O b6 11. e4 dxe4 12. Nxe4 Bb7 13. Nxf6+ Nxf6 14. Qe2 Rc8 15.
Ne5 b5 16. a3 Nd7 17. Bxe7 Qxe7 18. Rad1 Nxe5 19. Qxe5 Bd5 20. Rde1 Qg5 21. Qxg5
hxg5 22. Re3 f5 23. f4 gxf4 24. Rxf4 g5 25. Rf1 Kg7 26. Re5 Rcd8 27. h3 Rf6 28.
Bd1 Rh6 29. Bf3 Rf6 30. Bxd5 Rxd5 31. Rfe1 Kf7 32. Rxd5 exd5 33. Re5 Rd6 34.
Rxf5+ Kg6 35. Re5 a6 36. Kf2 Kf6 37. Kg3 Kg6 38. Kg4 Kf6 39. Rxg5 {Black
resigns} 1-0

[Event "Team 45 45 League T33"]
[Site "Internet Chess Club"]
[Date "2007.05.19"]
[Round "5"]
[White "Electryon"]
[Black "room-matt"]
[Result "1/2-1/2"]
[WhiteElo "1687"]
[BlackElo "1848"]
[ECO "A48"]
[TimeControl "2700+45"]

1. d4 Nf6 2. Nf3 g6 3. Bf4 Bg7 4. h3 O-O 5. Nbd2 b6 6. e4 d6 7. c3 c5 8. Bd3 Ba6
9. Qe2 Bxd3 10. Qxd3 Qd7 11. O-O b5 12. dxc5 dxc5 13. Ne5 Qxd3 14. Nxd3 Nbd7 15.
Rfe1 c4 16. Ne5 Nxe5 17. Bxe5 Rad8 18. Nf3 Rd7 19. Nd4 Rb7 20. f3 a5 21. a3 Rc8
22. Nc2 Nh5 23. Bxg7 Kxg7 24. Kf2 Nf4 25. Reb1 Rc5 26. Ne1 f5 27. exf5 Rxf5 28.
Rd1 Nd5 29. Rd4 e6 30. Rad1 g5 31. Nc2 Re5 32. Re1 Rxe1 33. Kxe1 Kf6 34. Re4 Nf4
35. Kf1 Nd3 36. Nd4 e5 37. Nc6 a4 38. Re2 Rc7 39. Nb4 Nxb4 40. axb4 Rd7 41. Ke1
h5 42. Rd2 Rxd2 43. Kxd2 Kf5 44. Ke3 h4 45. Ke2 Kf4 46. Kf2 e4 47. fxe4 Kxe4 48.
Ke2 {Game drawn by mutual agreement} 1/2-1/2

[Event "Team 45 45 League T33"]
[Site "Internet Chess Club"]
[Date "2007.05.18"]
[Round "5"]
[White "ChessAddict"]
[Black "DeepHmm"]
[Result "1/2-1/2"]
[WhiteElo "2153"]
[BlackElo "2195"]
[ECO "A57"]
[TimeControl "2700+45"]

1. d4 Nf6 2. c4 c5 3. d5 b5 4. Nf3 Bb7 5. Nbd2 e6 6. dxe6 fxe6 7. e4 Nxe4 8.
Nxe4 Bxe4 9. Ng5 Bg6 10. Bd3 Qf6 11. Bxg6+ hxg6 12. cxb5 Be7 13. O-O Qf5 14. g4
Qe5 15. f4 Qd4+ 16. Qxd4 cxd4 17. Nf3 a6 18. bxa6 Nc6 19. Bd2 Rxa6 20. a3 O-O
21. b4 Ra4 22. b5 Na5 23. Bxa5 Rxa5 24. Ne5 {Game drawn by mutual agreement}
1/2-1/2

[Event "Team 45 45 League T33"]
[Site "Internet Chess Club"]
[Date "2007.05.20"]
[Round "5"]
[White "achessman"]
[Black "blackcatdillac"]
[Result "1-0"]
[WhiteElo "2133"]
[BlackElo "1829"]
[ECO "C67"]
[TimeControl "2700+45"]

1. e4 e5 2. Nf3 Nc6 3. Bb5 Nf6 4. O-O Nxe4 5. d4 Nd6 6. Bxc6 dxc6 7. dxe5 Nf5 8.
Qxd8+ Kxd8 9. Nc3 Bd7 10. Rd1 Kc8 11. Ne4 b6 12. b3 Be7 13. Bb2 h6 14. c4 c5 15.
Nc3 Rd8 16. Nd5 Bf8 17. Nd2 Kb7 18. Ne4 Be6 19. Kf1 Ne7 20. Nf4 Bd7 21. f3 Nf5
22. Rd3 Bc6 23. Nf2 Rxd3 24. N2xd3 Rd8 25. Ke2 Nh4 26. Ne1 g6 27. Rd1 Re8 28.
Kf2 Nf5 29. g4 Ng7 30. Nc2 Ne6 31. Nd5 Be7 32. Kg3 a5 33. f4 Ng7 34. Nce3 Kc8
35. h4 h5 36. f5 gxf5 37. gxf5 Bd8 38. Kf4 Rg8 39. Rg1 Bxh4 40. e6 Nxe6+ 41.
fxe6 Rxg1 42. exf7 Bg5+ 43. Ke5 Bh6 44. Ne7+ Kd7 45. N3f5 Bf8 46. Kf6 Bxe7+ 47.
Nxe7 Rf1+ 48. Nf5 Be4 49. Kg7 Rxf5 50. Bf6 h4 51. f8=Q Rh5 52. Qe7+ {Black
resigns} 1-0

[Event "Team 45 45 League T33"]
[Site "Internet Chess Club"]
[Date "2007.05.20"]
[Round "5"]
[White "Rhand"]
[Black "Andre"]
[Result "0-1"]
[WhiteElo "1928"]
[BlackElo "1900"]
[ECO "C01"]
[TimeControl "2700+45"]

1. e4 e6 2. d4 d5 3. exd5 exd5 4. Bd3 Nf6 5. Bf4 Be7 6. h3 O-O 7. Nf3 Re8 8. O-O
c5 9. dxc5 Bxc5 10. Nbd2 Nc6 11. Nb3 Bb6 12. c3 Ne4 13. Qc2 Qf6 14. Bh2 Bxh3
{White resigns} 0-1

[Event "Team 45 45 League T33"]
[Site "Internet Chess Club"]
[Date "2007.05.19"]
[Round "5"]
[White "tourettes"]
[Black "luar1609"]
[Result "0-1"]
[WhiteElo "1827"]
[BlackElo "2048"]
[ECO "B23"]
[TimeControl "2700+45"]

1. e4 c5 2. Nc3 d6 3. g3 g6 4. Bg2 Bg7 5. Nge2 Nc6 6. O-O e6 7. d3 Nge7 8. Be3
Nd4 9. Qd2 O-O 10. Nd1 Rb8 11. Nc1 f5 12. c3 Ndc6 13. Bh6 b5 14. Bxg7 Kxg7 15.
f4 b4 16. Ne3 bxc3 17. bxc3 Ba6 18. exf5 gxf5 19. Ne2 Qb6 20. Rfd1 d5 21. h3 Qb2
22. Bf1 Qxd2 23. Rxd2 e5 24. c4 d4 25. Nd1 e4 26. Nc1 Na5 27. Nb3 Rxb3 28. axb3
Nxb3 29. Rxa6 Nxd2 30. Rxa7 Kf6 31. Ra6+ Kf7 32. Be2 Rb8 33. Ra2 e3 34. Ra7 Rb6
35. Rc7 Rc6 36. Rb7 Ke6 37. g4 Ng6 38. gxf5+ Kxf5 39. Bg4+ Kxf4 40. Rf7+ Kg5 41.
Rf5+ Kh6 42. Nb2 Rb6 43. Rh5+ Kg7 44. Na4 Rb1+ 45. Kg2 Nf4+ 46. Kg3 Nxh5+ 47.
Bxh5 Nb3 48. Kf4 Ra1 49. Nb6 Nc1 50. Ke4 e2 {White resigns} 0-1

[Event "Team 45 45 League T33"]
[Site "Internet Chess Club"]
[Date "2007.05.20"]
[Round "5"]
[White "chessateer"]
[Black "Boromir"]
[Result "0-1"]
[WhiteElo "1861"]
[BlackElo "1948"]
[ECO "C02"]
[TimeControl "2700+45"]

1. e4 e6 2. d4 d5 3. e5 c5 4. c3 Nc6 5. Nf3 cxd4 6. cxd4 Qb6 7. Bd3 Bd7 8. O-O
Nxd4 9. Nxd4 Qxd4 10. Nc3 a6 11. Qe2 Ne7 12. Kh1 Nc6 13. f4 g6 14. a3 Qa7 15. b4
Be7 16. Bb2 Nd4 17. Qf2 Nb5 18. Nxd5 Qxf2 19. Rxf2 Bd8 20. Nc3 Nxc3 21. Bxc3 Bb6
22. Rc2 Ba4 23. Re2 Rc8 24. Be1 O-O 25. Bf2 Bxf2 26. Rxf2 Rfd8 27. Be4 Bc6 28.
Bxc6 Rxc6 29. h3 Rd3 30. Raa2 Rcc3 31. Rfc2 Rxc2 32. Rxc2 Rxa3 33. Rc8+ Kg7 34.
b5 axb5 35. Rc7 b6 36. Rc6 Ra4 37. g3 Ra2 38. Rxb6 Rb2 39. Rb7 b4 40. Kg1 b3 41.
Kh1 h6 42. Kg1 g5 43. Kh1 gxf4 44. gxf4 Kg6 45. Kg1 f6 46. exf6 Kxf6 47. Rb5 Kg7
48. f5 exf5 49. Rxf5 Rc2 50. Rb5 b2 {White resigns} 0-1

[Event "Team 45 45 League T33"]
[Site "Internet Chess Club"]
[Date "2007.05.20"]
[Round "5"]
[White "MrShaw"]
[Black "corsair"]
[Result "1/2-1/2"]
[WhiteElo "1840"]
[BlackElo "1747"]
[ECO "C80"]
[TimeControl "2700+45"]

1. e4 e5 2. Nf3 Nc6 3. Bb5 a6 4. Ba4 Nf6 5. O-O Nxe4 6. Re1 Nc5 7. Nxe5 Nxe5 8.
Rxe5+ Be7 9. Bb3 Nxb3 10. axb3 d6 11. Re1 O-O 12. Nc3 Be6 13. d4 d5 14. Bf4 Qd7
15. Qe2 Rfe8 16. Be5 f6 17. Bg3 Bd6 18. Bxd6 Qxd6 19. Qf3 Bf7 20. Na4 b6 21. Nc3
c6 22. g3 Bg6 23. Re2 Rxe2 24. Qxe2 Re8 25. Qxa6 Bxc2 26. Qxb6 Rb8 27. Qa6 Bxb3
28. Qe2 Bc4 29. Qg4 Rxb2 30. Qc8+ Qf8 31. Qe6+ Kh8 32. Qxc6 Rb8 33. Ra7 Rd8 34.
Qb7 h6 35. Na4 Re8 36. Kg2 Bd3 37. Nc5 Bc4 38. Qd7 Rd8 39. Qc7 Rc8 40. Qd7 Rd8
41. Qc7 Rc8 42. Qd7 Rd8 {Game drawn by repetition} 1/2-1/2

[Event "Team 45 45 League T33"]
[Site "Internet Chess Club"]
[Date "2007.05.22"]
[Round "5"]
[White "rippedmonkey"]
[Black "JeCrainsDegun"]
[Result "1-0"]
[WhiteElo "1773"]
[BlackElo "1625"]
[ECO "A36"]
[TimeControl "2700+45"]

1. c4 c5 2. g3 g6 3. Bg2 Bg7 4. Nc3 Nc6 5. a3 e6 6. b4 cxb4 7. axb4 Nxb4 8. Ba3
Bxc3 9. dxc3 Nc6 10. Bd6 Nge7 11. e4 O-O 12. Nf3 f6 13. O-O b6 14. Nd4 Bb7 15.
Nb5 Rf7 16. Ba3 Nc8 17. Bd6 Rg7 18. Ba3 a6 19. Nd4 Qe8 20. Qe2 Nxd4 21. cxd4 d6
22. Rfb1 Rc7 23. Bh3 Re7 24. c5 bxc5 25. dxc5 dxc5 26. Bxc5 Rc7 27. Ba3 Qc6 28.
Bg2 Rb8 29. Rc1 Qd7 30. Rd1 Qe8 31. Rab1 Rd7 32. e5 f5 33. Rdc1 Qd8 34. Qa2 Bd5
35. Bxd5 Rxb1 36. Rxb1 Rxd5 37. Qe2 a5 38. Kg2 Qc7 39. Rc1 Qb7 40. Qf3 Qd7 41.
Qc3 Ne7 42. Bxe7 Qxe7 43. Qc8+ Rd8 44. Qa6 Rd5 45. Qc8+ Rd8 46. Qa6 Rd5 47. Qa8+
Rd8 48. Qxa5 Qd7 49. Rc7 Qd5+ 50. Qxd5 Rxd5 51. f4 Rd2+ 52. Kh3 Ra2 53. Re7 Re2
54. Rxe6 Kf7 55. Rf6+ Kg7 56. Rd6 Kf7 57. Rd7+ Kg8 58. Rd6 Kf7 59. Rd7+ Kg8 60.
Re7 h6 61. Rd7 Kh8 62. Rd1 Kg7 63. Rg1 g5 64. Rh1 g4+ 65. Kh4 Kg6 66. h3 h5 67.
Rd1 Rh2 68. Rd6+ Kg7 69. Kg5 Rxh3 70. Rd7+ Kf8 71. Kf6 Ke8 72. e6 Rxg3 73. Rh7
Kd8 74. e7+ {Black resigns} 1-0

[Event "Team 45 45 League T33"]
[Site "Internet Chess Club"]
[Date "2007.05.20"]
[Round "5"]
[White "Duguesclin"]
[Black "AntonioMendonca"]
[Result "1-0"]
[WhiteElo "1694"]
[BlackElo "1611"]
[ECO "A53"]
[TimeControl "2700+45"]

1. d4 Nf6 2. c4 d6 3. Nc3 e5 4. dxe5 dxe5 5. Qxd8+ Kxd8 6. Bg5 c6 7. Nf3 Nd7 8.
e4 Kc7 9. Bd3 Bb4 10. Bxf6 gxf6 11. Rc1 Nc5 12. Bb1 Bg4 13. Nh4 Rad8 14. O-O Rd2
15. f3 Be6 16. Nd1 Na4 17. b3 Nb2 18. Ne3 Bc5 19. Rfe1 Rhd8 20. Kf1 Nd3 21. Bxd3
R8xd3 22. Nd5+ Kd6 23. b4 cxd5 24. bxc5+ Kc7 25. cxd5 Bd7 26. c6 bxc6 27. a4 Ra2
28. dxc6 Bxc6 29. Rc4 Rd4 30. Rec1 Rxc4 31. Rxc4 Kb6 32. Nf5 Rxa4 33. Rxa4 Bxa4
34. Nd6 Bb3 35. Ke2 a5 36. Kd3 a4 37. Kc3 Kc5 38. Nb7+ Kb5 39. Nd6+ Kc6 40. Ne8
f5 41. exf5 Bd1 42. Kb4 Kd5 43. Nf6+ Kd4 44. Nxh7 Ke3 45. Ng5 f6 46. Ne4 Bc2 47.
Nxf6 Kf2 48. Ng4+ Kg1 49. f6 Bb3 50. g3 Kg2 51. Nxe5 Kxh2 52. g4 Kg3 53. f7 Bxf7
54. Nxf7 Kxf3 55. g5 Kf4 56. g6 a3 57. Kxa3 {Black resigns} 1-0